 Dungeon Crawl Stone Soup version 0.19-a0-1384-gbb462ca (webtiles) character file.

13639 4thArraOfDagon the Brawler (level 11, 0/132 HPs)
             Began as a Troll Ice Elementalist on Sept 3, 2016.
             Was a High Priest of Dithmenos.
             Killed by vampiric draining
             ... invoked by a vampire
              (15 damage)
             ... on level 12 of the Dungeon.
             The game lasted 00:20:34 (3992 turns).

4thArraOfDagon the Brawler (Troll Ice Elementalist) Turns: 3992, Time: 00:20:34

Health: 0/132      AC:  9    Str: 25    XL:     11   Next: 78%
Magic:  14/14      EV:  9    Int: 14    God:    Dithmenos [*****.]
Gold:   475        SH:  0    Dex: 10    Spells: 0 memorised, 12 levels left

rFire  . . .     SeeInvis .       - Unarmed
rCold  . . .     Gourm    +     a - +1 robe
rNeg   . . .     Faith    .     (no shield)
rPois  .         Spirit   .     (helmet restricted)
rElec  .         Dismiss  .     m - +2 cloak
rCorr  +         Reflect  .     (gloves unavailable)
MR     +....     Harm     .     (boots unavailable)
Stlth  ..........               f - amulet of rage
                                v - ring of resist corrosion
                                g - +1 ring of slaying

@: berserking, wreathed by umbra, drained, very quick
A: unfitting armour, claws 3, fast metabolism 3, gourmand, magic resistance 1,
mutation resistance 1, regeneration 1, shaggy fur 1, strong 1, tough skin 2
a: Shadow Step, Shadow Form, Renounce Religion, Evoke Berserk Rage


You were on level 12 of the Dungeon.
You worshipped Dithmenos.
Dithmenos was extremely pleased with you.
You were very full.

You visited 1 branch of the dungeon, and saw 15 of its levels.
You also visited: Bailey.

You collected 475 gold pieces.

Inventory:

Missiles
 d - 26 tomahawks of returning (quivered)
 A - 13 large rocks
 E - 4 poisoned tomahawks
Armour
 a - a +1 robe (worn)
 m - a +2 cloak (worn)
Jewellery
 e - an uncursed ring of protection from fire
 f - an amulet of rage (around neck)
 g - a +1 ring of slaying (left claw)
 o - a +5 ring of intelligence
 v - a ring of resist corrosion (right claw)
Wands
 t - a wand of enslavement (14/24)
 B - a wand of disintegration (18/24)
Scrolls
 l - 2 scrolls of noise
 q - 2 scrolls of enchant armour
 r - a scroll of remove curse
 s - a scroll of magic mapping {unknown}
 C - a scroll of amnesia
 F - 2 scrolls of blinking
Potions
 i - 2 potions of brilliance
 j - 3 potions of might
 k - a potion of lignification
 n - a potion of ambrosia
 p - a potion of agility {unknown}
 w - a potion of degeneration {unknown}
 x - a potion of heal wounds
Books
 b - a book of Frost

   Spells                             Type                      Level
   a - Freeze                         Ice                          1
   b - Throw Frost                    Conjuration/Ice              2
   c - Ozocubu's Armour               Charms/Ice                   3
   d - Throw Icicle                   Conjuration/Ice              4
   e - Summon Ice Beast               Ice/Summoning                4
Miscellaneous
 y - a lamp of fire
Comestibles
 c - 2 bread rations
 h - 3 meat rations
 u - 10 royal jellies


   Skills:
 - Level 1.5(1.3) Dodging
 - Level 1.1(0.8) Stealth
 * Level 16.2(15.8) Unarmed Combat
 - Level 1.2(1.0) Spellcasting
   Level 0.6(0.3) Conjurations
   Level 2.1(1.9) Ice Magic
 - Level 6.2(5.9) Evocations


You had 12 spell levels left.
You didn't know any spells.

Dungeon Overview and Level Annotations

Branches:
Dungeon (15/15)            Temple (0/1) D:7          Depths (0/5) D:15
   Lair: D:8-11         Orc: D:9-12      Vaults: D:13-14

Altars:
Dithmenos
Gozag
Qazlal
Ru
The Shining One

Annotations:
D:10 Fannar, Urug
D:13 Roxy's ghost, journeyman FoFi; ximxim's ghost, journeyman SpBe


Innate Abilities, Weirdness & Mutations

You are too large for most types of armour.
You have claws for hands.
Your metabolism is lightning-fast.
You like to eat raw meat.
Your natural rate of healing is unusually fast.
You are covered in fur. (AC +1)
You have very tough skin. (AC +2)
You are resistant to hostile enchantments. (MR+)
You are somewhat resistant to further mutation.
Your muscles are strong. (Str +2)


Message History

You feel drained.
The wight hits your yak but does no damage.
Your yak gores something.
Unknown command.
You claw something! Something hits you.
* * * LOW HITPOINT WARNING * * *
Something bites you.
* * * LOW HITPOINT WARNING * * *
Something draws strength from your injuries!
Unknown command.
You scratch something. Your claw misses something.
Unknown command.
Unknown command.
You miss something.
Your yak closely misses something.
The wight barely misses you.
The wight hits your yak with a battleaxe.
Unknown command.
Unknown command.
You miss something.
Unholy energy fills the air.
You die...

....# .... ....#
..... ....# .....
....# #... ....#
#... ....#
#...#########....#
#.....YYoY{Yz....#
#...Y.#####@.....#
#.....# ####...#
#...Y)# ...# #o
#.....# ..# #.
###+#Y# .... ...o.
#Y# .... ..o.. #.#
.... ..o. #.. ...
#............
.....


You could see 3 yaks, a wight, an orc and a friendly yak.

Vanquished Creatures
  An orc warlord (Bailey)
  A centaur warrior (D:11)
  3 hill giants
  2 orc knights
  A wolf spider zombie (D:15)
  A deep elf mage (D:9)
  3 cyclopes
  Maurice (D:9)
  A centaur zombie (D:12)
  2 centaur skeletons
  A yaktaur (D:15)
  3 slime creatures (D:12)
  2 wyverns
  A wraith (D:10)
  4 yaks
  2 hungry ghosts
  3 hippogriffs
  2 vampire mosquitoes (D:15)
  9 orc warriors
  A sky beast (D:7)
  A black bear (D:8)
  A necrophage (D:12)
  5 ogres
  5 giant frogs
  2 scorpions
  3 killer bees (D:14)
  8 wights (D:9)
  4 howler monkeys
  4 jellies
  5 crimson imps
  A giant frog zombie (D:9)
  A quasit (D:14)
  2 hounds
  A lava snake (D:9)
  8 orc priests
  6 orc wizards
  An iguana (D:8)
  A worker ant (D:11)
  2 hound skeletons (D:8)
  2 gnolls (Bailey)
  6 adders
  3 shadow imps
  5 oozes (D:9)
  2 giant geckos (D:9)
  37 orcs
  7 goblins
  4 hobgoblins
  3 jackals (D:11)
  16 kobolds
  3 quokkas
  A ball python (D:4)
  A giant gecko zombie (D:8)
  A giant newt (D:7)
  A quokka zombie (D:9)
  3 rats
200 creatures vanquished.

Vanquished Creatures (collateral kills)
  A killer bee (D:14)
1 creature vanquished.

Vanquished Creatures (others)
  A queen bee (D:14)
  A quokka (D:15)
2 creatures vanquished.

Grand Total: 203 creatures vanquished

Notes
Turn   | Place    | Note
-------+----------+-------------------------------------------
     0 | D:1      | 4thArraOfDagon the Troll Ice Elementalist began the quest for the Orb.
     0 | D:1      | Reached XP level 1. HP: 16/16 MP: 1/1
    51 | D:1      | Reached skill level 1 in Unarmed Combat
    80 | D:2      | Reached XP level 2. HP: 20/24 MP: 2/2
   161 | D:3      | Found a faded altar of an unknown god.
   169 | D:3      | Became a worshipper of Dithmenos the Shadowed
   169 | D:3      | Reached * piety under Dithmenos
   239 | D:4      | Reached skill level 2 in Unarmed Combat
   251 | D:4      | Reached XP level 3. HP: 31/31 MP: 3/3
   387 | D:5      | Entered Level 5 of the Dungeon
   568 | D:7      | Reached skill level 3 in Unarmed Combat
   568 | D:7      | Reached skill level 1 in Evocations
   590 | D:7      | Noticed a giant frog
   594 | D:7      | Noticed a sky beast
   600 | D:7      | Killed a giant frog
   600 | D:7      | Reached XP level 4. HP: 30/39 MP: 4/4
   631 | D:7      | Killed a sky beast
   631 | D:7      | Reached skill level 4 in Unarmed Combat
   631 | D:7      | Reached XP level 5. HP: 22/45 MP: 5/5
   637 | D:7      | Gained mutation: You are somewhat resistant to further mutation. [mutagenic meat]
   643 | D:7      | Gained mutation: You are resistant to hostile enchantments. (MR+) [mutagenic meat]
   646 | D:7      | Gained mutation: Your muscles are strong. (Str +2) [mutagenic meat]
   673 | D:7      | Found a shadowy altar of Dithmenos.
   701 | D:7      | Noticed an orc warrior
   713 | D:7      | Killed an orc warrior
   713 | D:7      | Reached skill level 5 in Unarmed Combat
   713 | D:7      | Reached XP level 6. HP: 39/53 MP: 6/6
   737 | D:7      | Found a staircase to the Ecumenical Temple.
   790 | D:7      | Found a sacrificial altar of Ru.
   792 | D:7      | Noticed an orc warrior
   823 | D:7      | Killed an orc warrior
   823 | D:7      | Reached skill level 6 in Unarmed Combat
   823 | D:7      | Reached XP level 7. HP: 44/59 MP: 8/8
   941 | D:7      | Noticed a hippogriff
   953 | D:7      | Killed a hippogriff
   953 | D:7      | Reached ** piety under Dithmenos
  1174 | D:8      | Reached skill level 7 in Unarmed Combat
  1238 | D:8      | Reached XP level 8. HP: 67/67 MP: 9/9
  1388 | D:9      | Got a scorched hand axe
  1390 | D:9      | Identified the cursed +0 hand axe of Corporal Punishment {antimagic, Dex+4} (You found it on level 9 of the Dungeon)
  1404 | D:9      | Reached skill level 8 in Unarmed Combat
  1493 | D:9      | Found a glowing golden altar of the Shining One.
  1505 | D:9      | Noticed a deep elf mage
  1513 | D:9      | Killed a deep elf mage
  1513 | D:9      | Reached skill level 9 in Unarmed Combat
  1596 | D:9      | Reached skill level 5 in Evocations
  1596 | D:9      | Reached XP level 9. HP: 74/74 MP: 11/11
  1751 | D:9      | Noticed Maurice
  1760 | D:9      | Killed Maurice
  1760 | D:9      | Reached skill level 10 in Unarmed Combat
  1808 | D:9      | Reached *** piety under Dithmenos
  1905 | D:10     | Entered Level 10 of the Dungeon
  1956 | D:10     | Reached skill level 11 in Unarmed Combat
  2116 | D:10     | Noticed Urug
  2132 | D:10     | Noticed a gargoyle
  2141 | D:10     | Noticed Fannar
  2167 | D:10     | Found a flagged portal.
  2174 | Bailey   | Entered a bailey
  2180 | Bailey   | Noticed an orc warlord
  2224 | Bailey   | Reached **** piety under Dithmenos
  2243 | Bailey   | Noticed an orc knight
  2286 | Bailey   | Killed an orc knight
  2286 | Bailey   | Reached XP level 10. HP: 81/81 MP: 13/13
  2390 | Bailey   | Found a runed gate.
  2391 | Bailey   | Found a runed gate.
  2393 | Bailey   | Found a runed gate.
  2405 | Bailey   | Reached skill level 12 in Unarmed Combat
  2470 | Bailey   | Killed an orc warlord
  2516 | D:10     | Reached skill level 13 in Unarmed Combat
  2518 | D:10     | Leszczynek: got rMut?
  2529 | D:11     | Found a stormy altar of Qazlal.
  2535 | D:11     | 4thArraOfDagon: ye
  2554 | D:11     | Noticed a centaur warrior
  2563 | D:11     | Noticed a four-headed hydra
  2647 | D:11     | Noticed a hill giant
  2656 | D:11     | Killed a hill giant
  2663 | D:11     | Killed a centaur warrior
  2726 | D:11     | Noticed a hill giant
  2742 | D:11     | Killed a hill giant
  2742 | D:11     | Reached skill level 14 in Unarmed Combat
  2749 | D:11     | Noticed a cyclops
  2775 | D:11     | HP: 3/121 [cyclops/large rock (43)]
  2779 | D:11     | Killed a cyclops
  2779 | D:11     | Reached XP level 11. HP: 2/88 MP: 14/14
  2780 | D:11     | HP: 2/132 [poisoned by a worker ant]
  2833 | D:11     | Noticed a seven-headed hydra
  2938 | D:11     | Found an opulent altar of Gozag.
  3425 | D:15     | Entered Level 15 of the Dungeon
  3443 | D:15     | Reached skill level 15 in Unarmed Combat
  3456 | D:15     | Reached ***** piety under Dithmenos
  3514 | D:15     | Noticed a red ugly thing
  3529 | D:15     | Noticed a deep elf mage
  3530 | D:15     | Noticed an orc knight
  3530 | D:15     | Noticed a red ugly thing
  3575 | D:15     | Killed an orc knight
  3628 | D:15     | Found a staircase to the Depths.
  3631 | D:15     | Noticed a fire giant
  3636 | D:14     | Noticed a purple ugly thing
  3636 | D:14     | Noticed a purple ugly thing
  3636 | D:14     | Noticed a purple ugly thing
  3636 | D:14     | Noticed a purple ugly thing
  3636 | D:14     | Noticed a purple ugly thing
  3684 | D:15     | Noticed a hill giant
  3708 | D:15     | Killed a hill giant
  3796 | D:14     | Found a stormy altar of Qazlal.
  3875 | D:14     | Reached skill level 16 in Unarmed Combat
  3956 | D:13     | Noticed Roxy's ghost (journeyman FoFi)
  3956 | D:13     | Noticed ximxim's ghost (journeyman SpBe)
  3992 | D:12     | Killed from afar by a vampire

Vault maps used:
D:1:      shiori_shiawase, minmay_tetromino_t2
D:2:      marbit_many_paths, minmay_misc_feat_secret_circle,
          corexii_corridor_pit
D:3:      grunt_temple_overflow_open, ecumenical_altar_2
D:4:      wad_floor_pattern_untrapped
D:5:      first_bread
D:6:      serial_shops, shop, nicolae_for_you_no_charge, uniq_menkaure,
          uniq_sigmund
D:7:      grunt_dithmenos_smoke_and_mirrors, nicolae_ru_great_annihilating_truth
D:8:      lair_0_dummy, uniq_psyche, uniq_erica
D:9:      hangedman_little_slice_of_home, minmay_misc_feat_pillars,
          kennysheep_crisscross, nicolae_tso_carved_into_rock, uniq_maurice
D:10:     enter_bailey_3, uniq_fannar, uniq_urug
D:11:     kennysheep_orc_monster_closet_entryway, basic_altar,
          grunt_gozag_statues
D:12:     uniq_kirke
D:13:     david_vaults_5, small_statue_intersection, roderic_roman_lattice
D:14:     minmay_staircase_windowed_small, st_stairs_1, grunt_qazlal_clouds
D:15:     grunt_enter_depths_giant_problem, elyvilon_altar_4
Bailey:   bailey_axe_bossmonster_kennysheep, bailey

Skill      XL: |  1  2  3  4  5  6  7  8  9 10 11 |
---------------+----------------------------------+-----
Unarmed Combat | 1 2 3 4 5 6 7 9 11 14 16 | 16.2
Evocations     | 1 2 3 5 6 |  6.2
Dodging        | |  1.5
Stealth        | |  1.1
Spellcasting   | |  1.2
Conjurations   | |  0.6
Ice Magic      | |  2.1

Action                   |  1- 3 |  4- 6 |  7- 9 | 10-12 || total
-------------------------+-------+-------+-------+-------++-------
Melee: Unarmed           |    51 |    70 |   243 |   275 ||   639
       Punch             |       |       |    10 |    27 ||    37
Throw: Throwing net      |       |     1 |     1 |       ||     2
       Tomahawk          |       |       |       |    10 ||    10
 Abil: Evoke Berserk Rag |     1 |     3 |     9 |     9 ||    22
Evoke: Wand              |       |       |       |     4 ||     4
  Use: Scroll            |     4 |       |     6 |     6 ||    16
       Potion            |       |       |     5 |     3 ||     8
 Stab: Invisible         |       |       |     1 |       ||     1
       Distracted        |       |       |     1 |       ||     1
       Sleeping          |       |       |     1 |       ||     1
  Eat: Chunk             |     6 |     7 |    28 |    27 ||    68
Armor: Robe              |    10 |    25 |    98 |    70 ||   203
       Skin              |       |       |    23 |       ||    23
Dodge: Dodged            |    21 |    33 |   179 |   129 ||   362
